 Dungeon Crawl Stone Soup version 0.29-a0-838-g385bb11a5b (webtiles) character file.

Game seed: 17967825723409024602

58 JoshKwa the Firebug (level 4, -12/31 HPs)
             Began as a Human Fire Elementalist on July 13, 2022.
             Mangled by Crazy Yiuf
             ... wielding a +4 quarterstaff of chaos
              (13 damage)
             ... on level 2 of the Dungeon.
             The game lasted 00:10:34 (1657 turns).

JoshKwa the Firebug (Human Fire Elementalist)       Turns: 1657, Time: 00:10:35

Health: -12/31     AC:  9    Str: 10    XL:     4   Next: 20%
Magic:  7/7        EV:  4    Int: 15    God:
Gold:   74         SH:  0    Dex: 14    Spells: 4/8 levels left

rFire   . . .      SeeInvis .   f - +1 short sword (protect)
rCold   . . .      Faith    .   (no shield)
rNeg    . . .      Spirit   .   e - +0 chain mail
rPois   .          Reflect  .   (no helmet)
rElec   .          Harm     .   d - +0 cloak
rCorr   .          Rampage  .   (no gloves)
Will    .....                   (no boots)
Stlth   ..........              (no amulet)
HPRegen 0.10/turn               (no ring)
MPRegen 0.10/turn               (no ring)

@: no status effects
A: no striking features
a: no special abilities


You were on level 2 of the Dungeon.
You visited 1 branch of the dungeon, and saw 2 of its levels.

You collected 74 gold pieces.

Inventory:

Hand Weapons
 f - a +1 short sword of protection (weapon)
Armour
 d - a +0 cloak (worn)
 e - a +0 chain mail (worn)
Scrolls
 a - a scroll of amnesia {unknown}
 g - a scroll of fog
 j - a scroll of enchant armour
 k - a scroll of identify
Potions
 b - a potion of magic
 c - 2 potions of heal wounds
 h - a potion of flight
 i - a potion of curing


   Skills:
 * Level 0.3 Fighting
 * Level 1.0 Short Blades
 * Level 0.6 Armour
 * Level 2.4 Dodging
 + Level 2.4 Stealth
 * Level 2.5 Spellcasting
 + Level 1.1 Conjurations
 * Level 3.4 Fire Magic


You had 4 spell levels left.
You knew the following spells:

 Your Spells              Type           Power      Damage    Failure   Level
a - Foxfire               Conj/Fire      32%        2x1d5     100%        1
b - Scorch                Fire           24%        2d6       100%        2
c - Slow                  Hex            4%         N/A       100%        1

Your spell library contained the following spells:

 Spells                   Type           Power      Damage    Failure   Level
 Confusing Touch          Hex            1%         N/A       100%        3
 Conjure Flame            Conj/Fire      8%         6-21      100%        3
 Inner Flame              Hex/Fire       7%         N/A       100%        3
 Vampiric Draining        Necr           1%         2d6       100%        3
 Flame Wave               Conj/Fire      8%         2d5       100%        4


Dungeon Overview and Level Annotations

Branches:
Dungeon (2/15)

Altars:

Shops:
D:1 [

Annotations:
D:2 Crazy Yiuf


Message History

You hit the adder but do no damage.
The adder is almost dead.
You feel sick.
The adder bites you but does no damage. x2
You hit the adder.
You kill the adder!
You feel sick.
Your Short Blades skill increases to level 1!
You feel sick.
You see here an adder corpse.
You feel sick.
You feel sick.
You are no longer poisoned.
Found a stone staircase leading up.
You start resting.
HP restored.
You start waiting.
Done waiting.
You start waiting.
Done waiting.
You start waiting.
Done waiting.
Found a hammer.
Found a runed translucent door.
Crazy Yiuf shouts!
Crazy Yiuf whimpers, "Earwax!"
Press: ? - help, v - describe, . - travel A runed translucent door.
You open the door.
Crazy Yiuf cries, "You leg down broken song, no?"
Crazy Yiuf drinks a potion.
Crazy Yiuf goes berserk!
Crazy Yiuf hits you but does no damage.
Crazy Yiuf hits you with a +4 quarterstaff of chaos!
Space warps around you.
There is an open translucent door here.
Crazy Yiuf attacks as you move away!
Crazy Yiuf hits you with a +4 quarterstaff of chaos!
* * * LOW HITPOINT WARNING * * *
Crazy Yiuf burns you.
* * * LOW HITPOINT WARNING * * *
Crazy Yiuf hits you with a +4 quarterstaff of chaos!
You die...

##.♣♣P≈≈≈ #..♣≈≈≈≈≈
#..♣♣≈P≈≈ #...)P≈P≈
#...♣≈≈P≈ ###### ####
#...P♣≈♣≈ ##..#.## ###..)#
#...P≈≈≈≈ #......####g'...#
#....≈≈≈≈ #.......#.@##...#
#....♣♣≈≈ #.#.#..#.### ####
#.###♣♣≈≈ #.######## #.#
#P≈ #.# #.# #.≈ #.#
#########.# #.# #.#
#.....##..#####.# #.#
#....###.........
#.#########....###.........
#.............##...........


You could see Crazy Yiuf (berserk).

Vanquished Creatures
  2 adders (D:2)
  A worm (D:2)
  A dart slug (D:2)
  An endoplasm (D:2)
  3 giant cockroaches
  3 goblins
  3 hobgoblins (D:2)
  2 jackals (D:1)
  3 quokkas
  7 ball pythons
  A bat (D:2)
  4 kobolds
  A rat (D:1)
32 creatures vanquished.

Vanquished Creatures (others)
  24 foxfires
  23 plants (D:2)
47 creatures vanquished.

Grand Total: 79 creatures vanquished

Notes
Turn   | Place    | Note
-------+----------+-------------------------------------------
     0 | D:1      | JoshKwa the Human Fire Elementalist began the quest for the
                  | Orb.
     0 | D:1      | Reached XP level 1. HP: 13/13 MP: 3/3
    38 | D:1      | Found Feanacw's Armour Emporium.
   174 | D:1      | Reached XP level 2. HP: 19/19 MP: 1/5
   184 | D:1      | Learned a level 2 spell: Scorch
   656 | D:2      | Learned a level 1 spell: Slow
   679 | D:2      | Reached XP level 3. HP: 19/24 MP: 1/6
  1122 | D:2      | Reached XP level 4. HP: 30/30 MP: 7/7
  1168 | D:2      | Reached skill level 1 in Short Blades
  1650 | D:2      | Found a runed translucent door.
  1651 | D:2      | Noticed Crazy Yiuf
  1656 | D:2      | HP: 1/31 [Crazy Yiuf/+4 quarterstaff of chaos (3)]
  1657 | D:2      | Mangled by Crazy Yiuf

Illustrated notes

Levels and vault maps discovered:
D:1:      spicycebolla_arrival_xxxplode, layout_basic, serial_shops, shop
D:2:      cheibrodos_helix_gallery, layout_rooms, serial_bayou,
          serial_bayou_pond_c, serial_bayou_pond_d, serial_bayou_pond_b,
          serial_bayou_pond_a, serial_bayou_lake_a, serial_bayou_pond_c,
          kennysheep_cluttered_room, uniq_crazy_yiuf_cottage

Skill      XL: |  1  2  3  4 |
---------------+-------------+-----
Short Blades   | 1 |  1.0
Fighting       | |  0.3
Armour         | |  0.6
Dodging        | |  2.4
Stealth        | |  2.4
Spellcasting   | |  2.5
Conjurations   | |  1.1
Fire Magic     | |  3.4

Action                   |  1- 3 |  4- 6 || total
-------------------------+-------+-------++-------
Melee: Short sword       |   104 |    15 ||   119
       Punch             |     1 |     1 ||     2
 Cast: Foxfire           |    14 |       ||    14
       Scorch            |     2 |       ||     2
  Use: Scroll            |     5 |       ||     5
       Potion            |     1 |       ||     1
Armor: Robe              |    14 |       ||    14
       Chain mail        |    44 |    12 ||    56
Dodge: Dodged            |    37 |     5 ||    42

Table legend: (Time is in decaauts)
 A = Elapsed time spent in this place.
 B = Non-inter-level travel time spent in this place.
 C = Inter-level travel time spent in this place.
 D = Time resting spent in this place.
 E = Time spent auto-exploring this place.
 F = Levels seen in this place.
 G = Mean time per level.
                   A        B        C        D        E       F      G
               +--------+--------+--------+--------+--------+-----+--------+
         Total |   1709 |   1689 |     20 |    636 |      0 |   2 |  854.5 |
       Dungeon |   1709 |   1689 |     20 |    636 |      0 |   2 |  854.5 |
               +--------+--------+--------+--------+--------+-----+--------+

Top non-repeatable levels by time:
     D:2: 1066 daAuts
     D:1: 643 daAuts
